AoeStats
← 13645570128

Arena

509105115Analyzed
1v1 RM · 7d ago on Sep 25, 2026· 17m 56s· 2 players
Game mode
Random Map
Map size
Tiny (2 player)
Population
200
Speed
Normal
Resources
Standard
Victory
Conquest
Starting age
Dark Age
Ending age
Imperial Age
RankedLock teamsTeams togetherTeam positionsShared explorationLock speedFull tech treeHidden civsTurbo modeCheats
Victory
Defeat
🇩🇪 Hindustanis · Germany
975
+17
🇭🇰 Mongols · Hong Kong SAR China
1000
-51
Virtual Sabre
11:37 Feudal Age
12:59 Stone Mining
15:47 Castle Age
13:50 Double-Bit Axe
15:13 Horse Collar
13645570128
4:12 Loom
9:48 Feudal Age
15:56 Wheelbarrow
Connection lost

Rejoining the realm…

Still unreachable

The connection could not be restored.

Session expired

The server has moved on; the page needs a fresh start.